Workbook
Name cost_choc_syrup: [1]Parameters!$D$5
Name cost_choc_syrup: Parameters!$D$5
Name Cost_Icecream: [1]Parameters!$D$4
Name Cost_Icecream: Parameters!$D$4
Name cost_straw_syrup: [1]Parameters!$D$6
Name cost_straw_syrup: Parameters!$D$6
Name Disc_Rate: [1]Graph!$C$16
Name Disc_Rate: Graph!$C$16
Name Disc_Rate_PM: [1]Parameters!$E$25
Name Disc_Rate_PM: Parameters!$E$25
Name Electr_Summer: [1]Parameters!$D$17
Name Electr_Summer: Parameters!$D$17
Name Electr_winter: [1]Parameters!$E$17
Name Electr_winter: Parameters!$E$17
Name Interest: [1]Parameters!$D$21
Name Interest: Parameters!$D$21
Name Loan: [1]Parameters!$D$20
Name Loan: Parameters!$D$20
Name prop_choc_syrup: [1]Parameters!$D$8
Name prop_choc_syrup: Parameters!$D$8
Name prop_straw_syrup: [1]Parameters!$D$9
Name prop_straw_syrup: Parameters!$D$9
Name Rent: [1]Parameters!$D$15
Name Rent: Parameters!$D$15
Name Salary: [1]Parameters!$D$16
Name Salary: Parameters!$D$16
Name SP_choc_syrup: [1]Parameters!$D$12
Name SP_choc_syrup: Parameters!$D$12
Name SP_icecream: [1]Parameters!$D$11
Name SP_icecream: Parameters!$D$11
Name SP_icecream_winter: [1]Parameters!$E$11
Name SP_icecream_winter: Parameters!$E$11
Name SP_straw_syrup: [1]Parameters!$D$13
Name SP_straw_syrup: Parameters!$D$13
Name Tax_rate: [1]Parameters!$D$23
Name Tax_rate: Parameters!$D$23

Sheet Audit trail
A2: Purpose- The purpose of the spreadsheet model is to calculate the profit for the ice cream shopkeeper under three different scenarios. The model is developed to project cashflows over 10 years period based on past data points and providing present value of future profits at a discount rate of 10% p.a. The three scenarios are as below: Base Scenario- The shopkeeper has shop on rent and the three months from January to March are winter months Scenario1- The shopkeeper has shop on rent and the three months from January to February are winter months causing higher sales in March by 20% and electricity bill same as the summer while the sale price is old Scenario2- This is same as scenario 1 where shopkeeper now takes a mortgage on the shop and purchases it.
A4: Data- We have been provided with the monthly sales data for the last 10 years. The data comprises the number of ice-cream sales in gallons.
A6: Assumptions-
A8: The following assumptions were made for the purpose of cashflow projection- • The increase rate over last year is steady and can be used for missing records • The inflation can be ignored • There is no issue in hiring staff as needed and the salaries on average are steady • The data storage system is reliable • There is no supply chain disruption and shopkeeper can secure stocks as and when needed • The limitation of quantity of supply can’t be corrected. • There are no more changes expected in seasons. • The quality of ice-cream and syrups will be maintained • The mortgage rate is best available one and flat for term
A10: Modeling: The spreadsheet model has the following sheets: 1. Data 2. Corrected Data 3. Parameters 4. Base scenario 5. Scenario 1 6. Scenario 2
A12: Graph
A13: The workings and details of each sheet are described below in turn.
A15: Methodology-
A17: Data Worksheet- The data provided was copied over to this worksheet. The data was checked for completeness and correctness. Following checks were performed on the data: 1. To check sales of icecream is less than 2,000 gallons a month a. 4 months with more than capacity of sales records were found 2. Count of records: a. The count of records was calculated in cell D5. It was found that data is missing for 3 months. b. To find the missing months, in column G month and year were recorded for the period January 2011 to December 2020, and using the vlookup function sales quantity from the original data were mapped to the respective month and year. All the months and the year with #N/A were identified as missing records. c. If the sales quantity for any month was more than 2,000 it was corrected to be 2,000 d. In column J – yearly sales growth was calculated and in cell J2 average of the growth record was calculated. e. Conditional formatting was applied on the growth rate to highlight those cells where growth rate is +-5% different to the average f. June,2012 and June 2013 identified as having high and low growth rates than expected g. For June,2012 the sales figure was manually corrected as average of the previous and next month. The cell is filled with Gray color and on correction of the value, growth rate for the month June,2013 looks reasonable. h. In column L a check was performed to see whether sales numbers are recorded in decimal. There were 10 records where sales quantity was recorded in decimal. The quantity was rounded to nearest 0 using round function in sheet column M.
A19: Corrected Data Worksheet- To record clean data Column B has 1 to 120 serial numbers representing the start of the period to the end of the period. Against each of the serial number, the corrected sales volume were picked from the column M of the Data sheet.
A21: Parameters Worksheet- All the provided information is summarized in this worksheet for use in the model. Following are the various parameters with corresponding values.
A23: Parameters | B23: Summer | C23: Winter
A24: Cost of icecream gallon | B24: 150
A25: Cost of chocolate syrup | B25: 50
A26: Cost of strawberry syrup | B26: 40
A28: Proportion of chocolate syrup | B28: 2
A29: Proportion of Strawberry syrup | B29: 1
A31: Selling price of icecream gallon | B31: 270 | C31: 250
A32: Selling price of chocolate syrup | B32: 70
A33: Selling price strawberry syrup | B33: 70
A34: per month
A35: Rent | B35: 35000
A36: Salary | B36: 30000
A37: Electricity | B37: 10000 | C37: 7000
A39: March sale increase | B39: 1.2
A40: Loan Amount | B40: 5000000
A41: Interest rate | B41: 0.06 | C41: p.a.
A43: Income Tax rate | B43: 0.25
A45: All of the above parameters are provided a name for ease of auditing.
A47: Base Scenario Worksheet- In this worksheet, the profit is calculated over last 10 years period. Columns A and B list the year and month. Column C picks the corrected data for monthly sales from “Corrected Data” worksheet. In column D, the number of chocolate syrup bottles is calculated by multiplying ice-cream gallons by 2. In column E, the number of strawberry syrup bottles is calculated by equating to ice-cream gallons. In column F, the season is calculated by referring to the information provided. For Jan to March, it is treated as Winter and for other months, it is Summer In column G, the total cost is calculated by multiplying column C, D and E by the unit purchase cost of Ice-cream gallon, Chocolate Syrup and Strawberry syrup respectively In column H, the rent is picked for each month andIn column I, the staff salary is picked up for each month. In column J, the electricity cost is calculated. The electricity cost vary by the season and hence is picked up as per the season recoded in column F. In column K, the Revenue is calculated by multiplying column C, D and E by the unit sale price of Ice-cream gallon, Chocolate Syrup and Strawberry syrup respectively. The icecream price vary by the season, and hence icecream price is linked to the season of the month. In column L, all the cost is added together to calculate the total cost. Values in column G, H, I and J are added to calculate total cost. In column M, tax is calculated at profit (Revenue-Total cost) by multiplying with income tax rate In column N, Net profit is calculated by subtracting cost and income tax from revenue.
A49: Scenario 1 Worksheet- The base scenario sheet is copied for this scenario calculation. The column C is updated to pick up increased sale volume in the month of March by 20%. Column F is changed to mark March also as summer. Column K: sale revenue – the formula is updated to reflect that the price of icecream follows the seasons under base scenario. All other calculations remain the same as per base scenario.
A51: Scenario 2 Worksheet- The Scenario 2 sheet is copied for this calculation. The rent column is replaced by interest paid which comes from EMI calculation performed on the right side From column P to U, the EMI calculation is performed. The loan interest rate is used to calculate the monthly interest rate in U1 using formula (1+interest rate)^(1/12)-1 In column Q, the outstanding loan at the beginning of the month is calculated. For the first month, it is set equal to 5 million, the loan amount. For the future months, it is equal to loan outstanding end of previous month. In column R, interest is calculated by multiplying the loan outstanding (column Q) at beginning of month with monthly interest rate. In column T, the loan outstanding at end of the month is calculated by loan outstanding at the beginning of the month plus interest for the month less the EMI. In column S, the EMI is calculated. This is calculated using goal seek such that loan outstanding at end of the term (T124) becomes 0, This interest in column R is used in the profit calculation instead of the rent column in previous scenarios.
A53: Graph Worksheet- In this worksheet, an annual profit is calculated in columns B to D for base, scenario 1 and scenario 2 by summing over monthly profits for a year from different worksheets used for different scenarios. The profits for base and Scenario 1 look similar as the only difference is for a month of March and it is a small impact as expected. The profit for scenario 2 is much higher due to rent being higher than interest payment for each month. The Net Present value is calculated for all three scenarios in cells B14, C14 and D14 using NPV formula and a discount rate of 10%. The graph shows the Annual profit under three scenarios. To build graph, the excel option to insert graph is used after selecting the data. A line chart is used from the graph options. The X axis label is taken from A1. The series are named based on row 2 (B2, C2 and D2).

Sheet Data
H2: Average growth rate | J2: =AVERAGE(J17:J124) -> 1.0553778
A4: Month and Year | B4: No. of Gallons Ice Cream sold | C4: Check <=2,000 | D4: Count of data | G4: Month and Year | H4: Data | J4: growth rate | K4: Corrected Data 1 | L4: Decimal Numbers | M4: Corrected Data 2
A5: 40544 | B5: 960 | C5: =IF(B5<=2000,"OK","CHECK") -> OK | D5: =COUNT(B5:B121) -> 117 | G5: 40544 | H5: =IF(VLOOKUP(G5,A:B,2,0)>2000,2000,VLOOKUP(G5,A:B,2,0)) -> 960 | K5: =H5 -> 960 | L5: =IF(K5-INT(K5)=0,"OK","CHECK") -> OK | M5: =ROUND(K5,0) -> 960
A6: 40575 | B6: 962 | C6: =IF(B6<=2000,"OK","CHECK") -> OK | G6: 40575 | H6: =IF(VLOOKUP(G6,A:B,2,0)>2000,2000,VLOOKUP(G6,A:B,2,0)) -> 962 | K6: =H6 -> 962 | L6: =IF(K6-INT(K6)=0,"OK","CHECK") -> OK | M6: =ROUND(K6,0) -> 962
A7: 40603 | B7: 964 | C7: =IF(B7<=2000,"OK","CHECK") -> OK | G7: 40603 | H7: =IF(VLOOKUP(G7,A:B,2,0)>2000,2000,VLOOKUP(G7,A:B,2,0)) -> 964 | K7: =H7 -> 964 | L7: =IF(K7-INT(K7)=0,"OK","CHECK") -> OK | M7: =ROUND(K7,0) -> 964
A8: 40634 | B8: 1200 | C8: =IF(B8<=2000,"OK","CHECK") -> OK | G8: 40634 | H8: =IF(VLOOKUP(G8,A:B,2,0)>2000,2000,VLOOKUP(G8,A:B,2,0)) -> 1200 | K8: =H8 -> 1200 | L8: =IF(K8-INT(K8)=0,"OK","CHECK") -> OK | M8: =ROUND(K8,0) -> 1200
A9: 40664 | B9: 1203 | C9: =IF(B9<=2000,"OK","CHECK") -> OK | G9: 40664 | H9: =IF(VLOOKUP(G9,A:B,2,0)>2000,2000,VLOOKUP(G9,A:B,2,0)) -> 1203 | K9: =H9 -> 1203 | L9: =IF(K9-INT(K9)=0,"OK","CHECK") -> OK | M9: =ROUND(K9,0) -> 1203
A10: 40695 | B10: 1206 | C10: =IF(B10<=2000,"OK","CHECK") -> OK | G10: 40695 | H10: =IF(VLOOKUP(G10,A:B,2,0)>2000,2000,VLOOKUP(G10,A:B,2,0)) -> 1206 | K10: =H10 -> 1206 | L10: =IF(K10-INT(K10)=0,"OK","CHECK") -> OK | M10: =ROUND(K10,0) -> 1206
A11: 40725 | B11: 1209 | C11: =IF(B11<=2000,"OK","CHECK") -> OK | G11: 40725 | H11: =IF(VLOOKUP(G11,A:B,2,0)>2000,2000,VLOOKUP(G11,A:B,2,0)) -> 1209 | K11: =H11 -> 1209 | L11: =IF(K11-INT(K11)=0,"OK","CHECK") -> OK | M11: =ROUND(K11,0) -> 1209
A12: 40756 | B12: 1212 | C12: =IF(B12<=2000,"OK","CHECK") -> OK | G12: 40756 | H12: =IF(VLOOKUP(G12,A:B,2,0)>2000,2000,VLOOKUP(G12,A:B,2,0)) -> 1212 | K12: =H12 -> 1212 | L12: =IF(K12-INT(K12)=0,"OK","CHECK") -> OK | M12: =ROUND(K12,0) -> 1212
A13: 40787 | B13: 1215 | C13: =IF(B13<=2000,"OK","CHECK") -> OK | G13: 40787 | H13: =IF(VLOOKUP(G13,A:B,2,0)>2000,2000,VLOOKUP(G13,A:B,2,0)) -> 1215 | K13: =H13 -> 1215 | L13: =IF(K13-INT(K13)=0,"OK","CHECK") -> OK | M13: =ROUND(K13,0) -> 1215
A14: 40817 | B14: 1218 | C14: =IF(B14<=2000,"OK","CHECK") -> OK | G14: 40817 | H14: =IF(VLOOKUP(G14,A:B,2,0)>2000,2000,VLOOKUP(G14,A:B,2,0)) -> 1218 | K14: =H14 -> 1218 | L14: =IF(K14-INT(K14)=0,"OK","CHECK") -> OK | M14: =ROUND(K14,0) -> 1218
A15: 40848 | B15: 1221 | C15: =IF(B15<=2000,"OK","CHECK") -> OK | G15: 40848 | H15: =IF(VLOOKUP(G15,A:B,2,0)>2000,2000,VLOOKUP(G15,A:B,2,0)) -> 1221 | K15: =H15 -> 1221 | L15: =IF(K15-INT(K15)=0,"OK","CHECK") -> OK | M15: =ROUND(K15,0) -> 1221
A16: 40878 | B16: 1224 | C16: =IF(B16<=2000,"OK","CHECK") -> OK | G16: 40878 | H16: =IF(VLOOKUP(G16,A:B,2,0)>2000,2000,VLOOKUP(G16,A:B,2,0)) -> 1224 | K16: =H16 -> 1224 | L16: =IF(K16-INT(K16)=0,"OK","CHECK") -> OK | M16: =ROUND(K16,0) -> 1224
A17: 40909 | B17: 989 | C17: =IF(B17<=2000,"OK","CHECK") -> OK | G17: 40909 | H17: =IF(VLOOKUP(G17,A:B,2,0)>2000,2000,VLOOKUP(G17,A:B,2,0)) -> 989 | J17: =IFERROR(H17/H5,K16) -> 1.0302083 | K17: =MIN(IF(ISERROR(H17),K5*$J$2,H17),2000) -> 989 | L17: =IF(K17-INT(K17)=0,"OK","CHECK") -> OK | M17: =ROUND(K17,0) -> 989
A18: 40940 | B18: 992 | C18: =IF(B18<=2000,"OK","CHECK") -> OK | G18: 40940 | H18: =IF(VLOOKUP(G18,A:B,2,0)>2000,2000,VLOOKUP(G18,A:B,2,0)) -> 992 | J18: =IFERROR(H18/H6,J17) -> 1.031185 | K18: =MIN(IF(ISERROR(H18),K6*$J$2,H18),2000) -> 992 | L18: =IF(K18-INT(K18)=0,"OK","CHECK") -> OK | M18: =ROUND(K18,0) -> 992
A19: 40969 | B19: 995 | C19: =IF(B19<=2000,"OK","CHECK") -> OK | G19: 40969 | H19: =IF(VLOOKUP(G19,A:B,2,0)>2000,2000,VLOOKUP(G19,A:B,2,0)) -> 995 | J19: =IFERROR(H19/H7,J18) -> 1.0321577 | K19: =MIN(IF(ISERROR(H19),K7*$J$2,H19),2000) -> 995 | L19: =IF(K19-INT(K19)=0,"OK","CHECK") -> OK | M19: =ROUND(K19,0) -> 995
A20: 41000 | B20: 1236 | C20: =IF(B20<=2000,"OK","CHECK") -> OK | G20: 41000 | H20: =IF(VLOOKUP(G20,A:B,2,0)>2000,2000,VLOOKUP(G20,A:B,2,0)) -> 1236 | J20: =IFERROR(H20/H8,J19) -> 1.03 | K20: =MIN(IF(ISERROR(H20),K8*$J$2,H20),2000) -> 1236 | L20: =IF(K20-INT(K20)=0,"OK","CHECK") -> OK | M20: =ROUND(K20,0) -> 1236
A21: 41030 | B21: 1240 | C21: =IF(B21<=2000,"OK","CHECK") -> OK | G21: 41030 | H21: =IF(VLOOKUP(G21,A:B,2,0)>2000,2000,VLOOKUP(G21,A:B,2,0)) -> 1240 | J21: =IFERROR(H21/H9,J20) -> 1.0307564 | K21: =MIN(IF(ISERROR(H21),K9*$J$2,H21),2000) -> 1240 | L21: =IF(K21-INT(K21)=0,"OK","CHECK") -> OK | M21: =ROUND(K21,0) -> 1240
A22: 41061 | B22: 2140 | C22: =IF(B22<=2000,"OK","CHECK") -> CHECK | G22: 41061 | H22: =AVERAGE(H21,H23) -> 1244 | J22: =IFERROR(H22/H10,J21) -> 1.0315091 | K22: =MIN(IF(ISERROR(H22),K10*$J$2,H22),2000) -> 1244 | L22: =IF(K22-INT(K22)=0,"OK","CHECK") -> OK | M22: =ROUND(K22,0) -> 1244
A23: 41091 | B23: 1248 | C23: =IF(B23<=2000,"OK","CHECK") -> OK | G23: 41091 | H23: =IF(VLOOKUP(G23,A:B,2,0)>2000,2000,VLOOKUP(G23,A:B,2,0)) -> 1248 | J23: =IFERROR(H23/H11,J22) -> 1.0322581 | K23: =MIN(IF(ISERROR(H23),K11*$J$2,H23),2000) -> 1248 | L23: =IF(K23-INT(K23)=0,"OK","CHECK") -> OK | M23: =ROUND(K23,0) -> 1248
A24: 41153 | B24: 1256 | C24: =IF(B24<=2000,"OK","CHECK") -> OK | G24: 41122 | H24: =IF(VLOOKUP(G24,A:B,2,0)>2000,2000,VLOOKUP(G24,A:B,2,0)) -> #N/A | J24: =IFERROR(H24/H12,J23) -> 1.0322581 | K24: =MIN(IF(ISERROR(H24),K12*$J$2,H24),2000) -> 1279.1179 | L24: =IF(K24-INT(K24)=0,"OK","CHECK") -> CHECK | M24: =ROUND(K24,0) -> 1279
A25: 41183 | B25: 1260 | C25: =IF(B25<=2000,"OK","CHECK") -> OK | G25: 41153 | H25: =IF(VLOOKUP(G25,A:B,2,0)>2000,2000,VLOOKUP(G25,A:B,2,0)) -> 1256 | J25: =IFERROR(H25/H13,J24) -> 1.0337449 | K25: =MIN(IF(ISERROR(H25),K13*$J$2,H25),2000) -> 1256 | L25: =IF(K25-INT(K25)=0,"OK","CHECK") -> OK | M25: =ROUND(K25,0) -> 1256
A26: 41214 | B26: 1264 | C26: =IF(B26<=2000,"OK","CHECK") -> OK | G26: 41183 | H26: =IF(VLOOKUP(G26,A:B,2,0)>2000,2000,VLOOKUP(G26,A:B,2,0)) -> 1260 | J26: =IFERROR(H26/H14,J25) -> 1.0344828 | K26: =MIN(IF(ISERROR(H26),K14*$J$2,H26),2000) -> 1260 | L26: =IF(K26-INT(K26)=0,"OK","CHECK") -> OK | M26: =ROUND(K26,0) -> 1260
A27: 41244 | B27: 1268 | C27: =IF(B27<=2000,"OK","CHECK") -> OK | G27: 41214 | H27: =IF(VLOOKUP(G27,A:B,2,0)>2000,2000,VLOOKUP(G27,A:B,2,0)) -> 1264 | J27: =IFERROR(H27/H15,J26) -> 1.035217 | K27: =MIN(IF(ISERROR(H27),K15*$J$2,H27),2000) -> 1264 | L27: =IF(K27-INT(K27)=0,"OK","CHECK") -> OK | M27: =ROUND(K27,0) -> 1264
A28: 41275 | B28: 1024 | C28: =IF(B28<=2000,"OK","CHECK") -> OK | G28: 41244 | H28: =IF(VLOOKUP(G28,A:B,2,0)>2000,2000,VLOOKUP(G28,A:B,2,0)) -> 1268 | J28: =IFERROR(H28/H16,J27) -> 1.0359477 | K28: =MIN(IF(ISERROR(H28),K16*$J$2,H28),2000) -> 1268 | L28: =IF(K28-INT(K28)=0,"OK","CHECK") -> OK | M28: =ROUND(K28,0) -> 1268
A29: 41306 | B29: 1028 | C29: =IF(B29<=2000,"OK","CHECK") -> OK | G29: 41275 | H29: =IF(VLOOKUP(G29,A:B,2,0)>2000,2000,VLOOKUP(G29,A:B,2,0)) -> 1024 | J29: =IFERROR(H29/H17,J28) -> 1.0353893 | K29: =MIN(IF(ISERROR(H29),K17*$J$2,H29),2000) -> 1024 | L29: =IF(K29-INT(K29)=0,"OK","CHECK") -> OK | M29: =ROUND(K29,0) -> 1024
A30: 41365 | B30: 1280 | C30: =IF(B30<=2000,"OK","CHECK") -> OK | G30: 41306 | H30: =IF(VLOOKUP(G30,A:B,2,0)>2000,2000,VLOOKUP(G30,A:B,2,0)) -> 1028 | J30: =IFERROR(H30/H18,J29) -> 1.0362903 | K30: =MIN(IF(ISERROR(H30),K18*$J$2,H30),2000) -> 1028 | L30: =IF(K30-INT(K30)=0,"OK","CHECK") -> OK | M30: =ROUND(K30,0) -> 1028
A31: 41395 | B31: 1284 | C31: =IF(B31<=2000,"OK","CHECK") -> OK | G31: 41334 | H31: =IF(VLOOKUP(G31,A:B,2,0)>2000,2000,VLOOKUP(G31,A:B,2,0)) -> #N/A | J31: =IFERROR(H31/H19,J30) -> 1.0362903 | K31: =MIN(IF(ISERROR(H31),K19*$J$2,H31),2000) -> 1050.1009 | L31: =IF(K31-INT(K31)=0,"OK","CHECK") -> CHECK | M31: =ROUND(K31,0) -> 1050
A32: 41426 | B32: 1288 | C32: =IF(B32<=2000,"OK","CHECK") -> OK | G32: 41365 | H32: =IF(VLOOKUP(G32,A:B,2,0)>2000,2000,VLOOKUP(G32,A:B,2,0)) -> 1280 | J32: =IFERROR(H32/H20,J31) -> 1.0355987 | K32: =MIN(IF(ISERROR(H32),K20*$J$2,H32),2000) -> 1280 | L32: =IF(K32-INT(K32)=0,"OK","CHECK") -> OK | M32: =ROUND(K32,0) -> 1280
A33: 41456 | B33: 1293 | C33: =IF(B33<=2000,"OK","CHECK") -> OK | G33: 41395 | H33: =IF(VLOOKUP(G33,A:B,2,0)>2000,2000,VLOOKUP(G33,A:B,2,0)) -> 1284 | J33: =IFERROR(H33/H21,J32) -> 1.0354839 | K33: =MIN(IF(ISERROR(H33),K21*$J$2,H33),2000) -> 1284 | L33: =IF(K33-INT(K33)=0,"OK","CHECK") -> OK | M33: =ROUND(K33,0) -> 1284
A34: 41518 | B34: 1303 | C34: =IF(B34<=2000,"OK","CHECK") -> OK | G34: 41426 | H34: =IF(VLOOKUP(G34,A:B,2,0)>2000,2000,VLOOKUP(G34,A:B,2,0)) -> 1288 | J34: =IFERROR(H34/H22,J33) -> 1.0353698 | K34: =MIN(IF(ISERROR(H34),K22*$J$2,H34),2000) -> 1288 | L34: =IF(K34-INT(K34)=0,"OK","CHECK") -> OK | M34: =ROUND(K34,0) -> 1288
... A121: 44166 | B121: 2035 | C121: =IF(B121<=2000,"OK","CHECK") -> CHECK | G121: 44075 | H121: =IF(VLOOKUP(G121,A:B,2,0)>2000,2000,VLOOKUP(G121,A:B,2,0)) -> 1993 | J121: =IFERROR(H121/H109,J120) -> 1.0808026 | K121: =MIN(IF(ISERROR(H121),K109*$J$2,H121),2000) -> 1993 | L121: =IF(K121-INT(K121)=0,"OK","CHECK") -> OK | M121: =ROUND(K121,0) -> 1993
G122: 44105 | H122: =IF(VLOOKUP(G122,A:B,2,0)>2000,2000,VLOOKUP(G122,A:B,2,0)) -> 2000 | J122: =IFERROR(H122/H110,J121) -> 1.0775862 | K122: =MIN(IF(ISERROR(H122),K110*$J$2,H122),2000) -> 2000 | L122: =IF(K122-INT(K122)=0,"OK","CHECK") -> OK | M122: =ROUND(K122,0) -> 2000
G123: 44136 | H123: =IF(VLOOKUP(G123,A:B,2,0)>2000,2000,VLOOKUP(G123,A:B,2,0)) -> 2000 | J123: =IFERROR(H123/H111,J122) -> 1.0706638 | K123: =MIN(IF(ISERROR(H123),K111*$J$2,H123),2000) -> 2000 | L123: =IF(K123-INT(K123)=0,"OK","CHECK") -> OK | M123: =ROUND(K123,0) -> 2000
G124: 44166 | H124: =IF(VLOOKUP(G124,A:B,2,0)>2000,2000,VLOOKUP(G124,A:B,2,0)) -> 2000 | J124: =IFERROR(H124/H112,J123) -> 1.0638298 | K124: =MIN(IF(ISERROR(H124),K112*$J$2,H124),2000) -> 2000 | L124: =IF(K124-INT(K124)=0,"OK","CHECK") -> OK | M124: =ROUND(K124,0) -> 2000

Sheet Corrected data
B1: Month | C1: Ice-Cream Gallons sold | D1: Check <=2000 | E1: Check Decimal
B2: 1 | C2: =Data!M5 -> 960 | D2: =IF(C2<=2000,"OK","CHECK") -> OK | E2: =IF(C2-INT(C2)=0,"OK","CHECK") -> OK
B3: 2 | C3: =Data!M6 -> 962 | D3: =IF(C3<=2000,"OK","CHECK") -> OK | E3: =IF(C3-INT(C3)=0,"OK","CHECK") -> OK
B4: 3 | C4: =Data!M7 -> 964 | D4: =IF(C4<=2000,"OK","CHECK") -> OK | E4: =IF(C4-INT(C4)=0,"OK","CHECK") -> OK
B5: 4 | C5: =Data!M8 -> 1200 | D5: =IF(C5<=2000,"OK","CHECK") -> OK | E5: =IF(C5-INT(C5)=0,"OK","CHECK") -> OK | I5: Check complete data | J5: =IF(COUNTA(C2:C121)=120,"OK","CHECK") -> OK
B6: 5 | C6: =Data!M9 -> 1203 | D6: =IF(C6<=2000,"OK","CHECK") -> OK | E6: =IF(C6-INT(C6)=0,"OK","CHECK") -> OK
B7: 6 | C7: =Data!M10 -> 1206 | D7: =IF(C7<=2000,"OK","CHECK") -> OK | E7: =IF(C7-INT(C7)=0,"OK","CHECK") -> OK
B8: 7 | C8: =Data!M11 -> 1209 | D8: =IF(C8<=2000,"OK","CHECK") -> OK | E8: =IF(C8-INT(C8)=0,"OK","CHECK") -> OK
B9: 8 | C9: =Data!M12 -> 1212 | D9: =IF(C9<=2000,"OK","CHECK") -> OK | E9: =IF(C9-INT(C9)=0,"OK","CHECK") -> OK
B10: 9 | C10: =Data!M13 -> 1215 | D10: =IF(C10<=2000,"OK","CHECK") -> OK | E10: =IF(C10-INT(C10)=0,"OK","CHECK") -> OK
B11: 10 | C11: =Data!M14 -> 1218 | D11: =IF(C11<=2000,"OK","CHECK") -> OK | E11: =IF(C11-INT(C11)=0,"OK","CHECK") -> OK
B12: 11 | C12: =Data!M15 -> 1221 | D12: =IF(C12<=2000,"OK","CHECK") -> OK | E12: =IF(C12-INT(C12)=0,"OK","CHECK") -> OK
B13: 12 | C13: =Data!M16 -> 1224 | D13: =IF(C13<=2000,"OK","CHECK") -> OK | E13: =IF(C13-INT(C13)=0,"OK","CHECK") -> OK
B14: 13 | C14: =Data!M17 -> 989 | D14: =IF(C14<=2000,"OK","CHECK") -> OK | E14: =IF(C14-INT(C14)=0,"OK","CHECK") -> OK
B15: 14 | C15: =Data!M18 -> 992 | D15: =IF(C15<=2000,"OK","CHECK") -> OK | E15: =IF(C15-INT(C15)=0,"OK","CHECK") -> OK
B16: 15 | C16: =Data!M19 -> 995 | D16: =IF(C16<=2000,"OK","CHECK") -> OK | E16: =IF(C16-INT(C16)=0,"OK","CHECK") -> OK
B17: 16 | C17: =Data!M20 -> 1236 | D17: =IF(C17<=2000,"OK","CHECK") -> OK | E17: =IF(C17-INT(C17)=0,"OK","CHECK") -> OK
... B121: 120 | C121: =Data!M124 -> 2000 | D121: =IF(C121<=2000,"OK","CHECK") -> OK | E121: =IF(C121-INT(C121)=0,"OK","CHECK") -> OK

Sheet Parameters
C3: Parameters | D3: Summer | E3: Winter
C4: Cost of icecream gallon | D4: 150
C5: Cost of chocolate syrup | D5: 50
C6: Cost of strawberry syrup | D6: 40
C8: Proportion of chocolate syrup | D8: 2
C9: Proportion of Strawberry syrup | D9: 1
C11: Selling price of icecream gallon | D11: 270 | E11: 250
C12: Selling price of chocolate syrup | D12: 70
C13: Selling price strawberry syrup | D13: 70
C14: per month
C15: Rent | D15: 35000
C16: Salary | D16: 30000
C17: Electricity | D17: 10000 | E17: 7000
C19: March sale increase | D19: 1.2
C20: Loan Amount | D20: 5000000
C21: Interest rate | D21: 0.06 | E21: p.a.
C23: Income Tax rate | D23: 0.25
D24: P.a. | E24: p.m.
C25: Discount rate | D25: 0.1 | E25: =+D25/12 -> 0.0083333333
C26: Income Tax rate | D26: 0.25

Sheet Base Scenario
A2: Year | B2: Month | C2: Icecream gallons | D2: Chocolate syrup | E2: Strawberry Syrup | F2: Season | G2: Product cost | H2: Rent | I2: Salary | J2: Electricity | K2: Revenue | L2: Cost | M2: Income Tax | N2: Profit | P2: PV of Profit | Q2: =NPV(Disc_Rate_PM,N3:N122) -> 10230679
A3: 1 | B3: ='Corrected data'!B2 -> 1 | C3: ='Corrected data'!C2 -> 960 | D3: =prop_choc_syrup*C3 -> 1920 | E3: =prop_straw_syrup*C3 -> 960 | F3: =IF(AND(MOD(B3,12)<=3, MOD(B3,12)<>0),"Winter","Summer") -> Winter | G3: =C3*Cost_Icecream+'Base Scenario'!D3*cost_choc_syrup+'Base Scenario'!E3*cost_straw_syrup -> 278400 | H3: =Rent -> 35000 | I3: =Salary -> 30000 | J3: =IF(F3="Winter",Electr_winter,Electr_Summer) -> 7000 | K3: =C3*IF(F3="Winter",SP_icecream_winter,SP_icecream)+D3*SP_choc_syrup+E3*SP_straw_syrup -> 441600 | L3: =SUM(G3:J3) -> 350400 | M3: =Tax_rate*(K3-L3) -> 22800 | N3: =K3-L3-M3 -> 68400 | P3: PV of Revenue | Q3: =NPV(Disc_Rate_PM,K3:K122) -> 49336009
A4: =IF(MOD(B3,12)=0,A3+1,A3) -> 1 | B4: ='Corrected data'!B3 -> 2 | C4: ='Corrected data'!C3 -> 962 | D4: =prop_choc_syrup*C4 -> 1924 | E4: =prop_straw_syrup*C4 -> 962 | F4: =IF(AND(MOD(B4,12)<=3, MOD(B4,12)<>0),"Winter","Summer") -> Winter | G4: =C4*Cost_Icecream+'Base Scenario'!D4*cost_choc_syrup+'Base Scenario'!E4*cost_straw_syrup -> 278980 | H4: =Rent -> 35000 | I4: =Salary -> 30000 | J4: =IF(F4="Winter",Electr_winter,Electr_Summer) -> 7000 | K4: =C4*IF(F4="Winter",SP_icecream_winter,SP_icecream)+D4*SP_choc_syrup+E4*SP_straw_syrup -> 442520 | L4: =SUM(G4:J4) -> 350980 | M4: =Tax_rate*(K4-L4) -> 22885 | N4: =K4-L4-M4 -> 68655 | P4: Profit Margin | Q4: =Q2/Q3 -> 0.20736737
A5: =IF(MOD(B4,12)=0,A4+1,A4) -> 1 | B5: ='Corrected data'!B4 -> 3 | C5: ='Corrected data'!C4 -> 964 | D5: =prop_choc_syrup*C5 -> 1928 | E5: =prop_straw_syrup*C5 -> 964 | F5: =IF(AND(MOD(B5,12)<=3, MOD(B5,12)<>0),"Winter","Summer") -> Winter | G5: =C5*Cost_Icecream+'Base Scenario'!D5*cost_choc_syrup+'Base Scenario'!E5*cost_straw_syrup -> 279560 | H5: =Rent -> 35000 | I5: =Salary -> 30000 | J5: =IF(F5="Winter",Electr_winter,Electr_Summer) -> 7000 | K5: =C5*IF(F5="Winter",SP_icecream_winter,SP_icecream)+D5*SP_choc_syrup+E5*SP_straw_syrup -> 443440 | L5: =SUM(G5:J5) -> 351560 | M5: =Tax_rate*(K5-L5) -> 22970 | N5: =K5-L5-M5 -> 68910
A6: =IF(MOD(B5,12)=0,A5+1,A5) -> 1 | B6: ='Corrected data'!B5 -> 4 | C6: ='Corrected data'!C5 -> 1200 | D6: =prop_choc_syrup*C6 -> 2400 | E6: =prop_straw_syrup*C6 -> 1200 | F6: =IF(AND(MOD(B6,12)<=3, MOD(B6,12)<>0),"Winter","Summer") -> Summer | G6: =C6*Cost_Icecream+'Base Scenario'!D6*cost_choc_syrup+'Base Scenario'!E6*cost_straw_syrup -> 348000 | H6: =Rent -> 35000 | I6: =Salary -> 30000 | J6: =IF(F6="Winter",Electr_winter,Electr_Summer) -> 10000 | K6: =C6*IF(F6="Winter",SP_icecream_winter,SP_icecream)+D6*SP_choc_syrup+E6*SP_straw_syrup -> 576000 | L6: =SUM(G6:J6) -> 423000 | M6: =Tax_rate*(K6-L6) -> 38250 | N6: =K6-L6-M6 -> 114750
A7: =IF(MOD(B6,12)=0,A6+1,A6) -> 1 | B7: ='Corrected data'!B6 -> 5 | C7: ='Corrected data'!C6 -> 1203 | D7: =prop_choc_syrup*C7 -> 2406 | E7: =prop_straw_syrup*C7 -> 1203 | F7: =IF(AND(MOD(B7,12)<=3, MOD(B7,12)<>0),"Winter","Summer") -> Summer | G7: =C7*Cost_Icecream+'Base Scenario'!D7*cost_choc_syrup+'Base Scenario'!E7*cost_straw_syrup -> 348870 | H7: =Rent -> 35000 | I7: =Salary -> 30000 | J7: =IF(F7="Winter",Electr_winter,Electr_Summer) -> 10000 | K7: =C7*IF(F7="Winter",SP_icecream_winter,SP_icecream)+D7*SP_choc_syrup+E7*SP_straw_syrup -> 577440 | L7: =SUM(G7:J7) -> 423870 | M7: =Tax_rate*(K7-L7) -> 38392.5 | N7: =K7-L7-M7 -> 115177.5
A8: =IF(MOD(B7,12)=0,A7+1,A7) -> 1 | B8: ='Corrected data'!B7 -> 6 | C8: ='Corrected data'!C7 -> 1206 | D8: =prop_choc_syrup*C8 -> 2412 | E8: =prop_straw_syrup*C8 -> 1206 | F8: =IF(AND(MOD(B8,12)<=3, MOD(B8,12)<>0),"Winter","Summer") -> Summer | G8: =C8*Cost_Icecream+'Base Scenario'!D8*cost_choc_syrup+'Base Scenario'!E8*cost_straw_syrup -> 349740 | H8: =Rent -> 35000 | I8: =Salary -> 30000 | J8: =IF(F8="Winter",Electr_winter,Electr_Summer) -> 10000 | K8: =C8*IF(F8="Winter",SP_icecream_winter,SP_icecream)+D8*SP_choc_syrup+E8*SP_straw_syrup -> 578880 | L8: =SUM(G8:J8) -> 424740 | M8: =Tax_rate*(K8-L8) -> 38535 | N8: =K8-L8-M8 -> 115605
A9: =IF(MOD(B8,12)=0,A8+1,A8) -> 1 | B9: ='Corrected data'!B8 -> 7 | C9: ='Corrected data'!C8 -> 1209 | D9: =prop_choc_syrup*C9 -> 2418 | E9: =prop_straw_syrup*C9 -> 1209 | F9: =IF(AND(MOD(B9,12)<=3, MOD(B9,12)<>0),"Winter","Summer") -> Summer | G9: =C9*Cost_Icecream+'Base Scenario'!D9*cost_choc_syrup+'Base Scenario'!E9*cost_straw_syrup -> 350610 | H9: =Rent -> 35000 | I9: =Salary -> 30000 | J9: =IF(F9="Winter",Electr_winter,Electr_Summer) -> 10000 | K9: =C9*IF(F9="Winter",SP_icecream_winter,SP_icecream)+D9*SP_choc_syrup+E9*SP_straw_syrup -> 580320 | L9: =SUM(G9:J9) -> 425610 | M9: =Tax_rate*(K9-L9) -> 38677.5 | N9: =K9-L9-M9 -> 116032.5
A10: =IF(MOD(B9,12)=0,A9+1,A9) -> 1 | B10: ='Corrected data'!B9 -> 8 | C10: ='Corrected data'!C9 -> 1212 | D10: =prop_choc_syrup*C10 -> 2424 | E10: =prop_straw_syrup*C10 -> 1212 | F10: =IF(AND(MOD(B10,12)<=3, MOD(B10,12)<>0),"Winter","Summer") -> Summer | G10: =C10*Cost_Icecream+'Base Scenario'!D10*cost_choc_syrup+'Base Scenario'!E10*cost_straw_syrup -> 351480 | H10: =Rent -> 35000 | I10: =Salary -> 30000 | J10: =IF(F10="Winter",Electr_winter,Electr_Summer) -> 10000 | K10: =C10*IF(F10="Winter",SP_icecream_winter,SP_icecream)+D10*SP_choc_syrup+E10*SP_straw_syrup -> 581760 | L10: =SUM(G10:J10) -> 426480 | M10: =Tax_rate*(K10-L10) -> 38820 | N10: =K10-L10-M10 -> 116460
A11: =IF(MOD(B10,12)=0,A10+1,A10) -> 1 | B11: ='Corrected data'!B10 -> 9 | C11: ='Corrected data'!C10 -> 1215 | D11: =prop_choc_syrup*C11 -> 2430 | E11: =prop_straw_syrup*C11 -> 1215 | F11: =IF(AND(MOD(B11,12)<=3, MOD(B11,12)<>0),"Winter","Summer") -> Summer | G11: =C11*Cost_Icecream+'Base Scenario'!D11*cost_choc_syrup+'Base Scenario'!E11*cost_straw_syrup -> 352350 | H11: =Rent -> 35000 | I11: =Salary -> 30000 | J11: =IF(F11="Winter",Electr_winter,Electr_Summer) -> 10000 | K11: =C11*IF(F11="Winter",SP_icecream_winter,SP_icecream)+D11*SP_choc_syrup+E11*SP_straw_syrup -> 583200 | L11: =SUM(G11:J11) -> 427350 | M11: =Tax_rate*(K11-L11) -> 38962.5 | N11: =K11-L11-M11 -> 116887.5
A12: =IF(MOD(B11,12)=0,A11+1,A11) -> 1 | B12: ='Corrected data'!B11 -> 10 | C12: ='Corrected data'!C11 -> 1218 | D12: =prop_choc_syrup*C12 -> 2436 | E12: =prop_straw_syrup*C12 -> 1218 | F12: =IF(AND(MOD(B12,12)<=3, MOD(B12,12)<>0),"Winter","Summer") -> Summer | G12: =C12*Cost_Icecream+'Base Scenario'!D12*cost_choc_syrup+'Base Scenario'!E12*cost_straw_syrup -> 353220 | H12: =Rent -> 35000 | I12: =Salary -> 30000 | J12: =IF(F12="Winter",Electr_winter,Electr_Summer) -> 10000 | K12: =C12*IF(F12="Winter",SP_icecream_winter,SP_icecream)+D12*SP_choc_syrup+E12*SP_straw_syrup -> 584640 | L12: =SUM(G12:J12) -> 428220 | M12: =Tax_rate*(K12-L12) -> 39105 | N12: =K12-L12-M12 -> 117315
A13: =IF(MOD(B12,12)=0,A12+1,A12) -> 1 | B13: ='Corrected data'!B12 -> 11 | C13: ='Corrected data'!C12 -> 1221 | D13: =prop_choc_syrup*C13 -> 2442 | E13: =prop_straw_syrup*C13 -> 1221 | F13: =IF(AND(MOD(B13,12)<=3, MOD(B13,12)<>0),"Winter","Summer") -> Summer | G13: =C13*Cost_Icecream+'Base Scenario'!D13*cost_choc_syrup+'Base Scenario'!E13*cost_straw_syrup -> 354090 | H13: =Rent -> 35000 | I13: =Salary -> 30000 | J13: =IF(F13="Winter",Electr_winter,Electr_Summer) -> 10000 | K13: =C13*IF(F13="Winter",SP_icecream_winter,SP_icecream)+D13*SP_choc_syrup+E13*SP_straw_syrup -> 586080 | L13: =SUM(G13:J13) -> 429090 | M13: =Tax_rate*(K13-L13) -> 39247.5 | N13: =K13-L13-M13 -> 117742.5
A14: =IF(MOD(B13,12)=0,A13+1,A13) -> 1 | B14: ='Corrected data'!B13 -> 12 | C14: ='Corrected data'!C13 -> 1224 | D14: =prop_choc_syrup*C14 -> 2448 | E14: =prop_straw_syrup*C14 -> 1224 | F14: =IF(AND(MOD(B14,12)<=3, MOD(B14,12)<>0),"Winter","Summer") -> Summer | G14: =C14*Cost_Icecream+'Base Scenario'!D14*cost_choc_syrup+'Base Scenario'!E14*cost_straw_syrup -> 354960 | H14: =Rent -> 35000 | I14: =Salary -> 30000 | J14: =IF(F14="Winter",Electr_winter,Electr_Summer) -> 10000 | K14: =C14*IF(F14="Winter",SP_icecream_winter,SP_icecream)+D14*SP_choc_syrup+E14*SP_straw_syrup -> 587520 | L14: =SUM(G14:J14) -> 429960 | M14: =Tax_rate*(K14-L14) -> 39390 | N14: =K14-L14-M14 -> 118170
A15: =IF(MOD(B14,12)=0,A14+1,A14) -> 2 | B15: ='Corrected data'!B14 -> 13 | C15: ='Corrected data'!C14 -> 989 | D15: =prop_choc_syrup*C15 -> 1978 | E15: =prop_straw_syrup*C15 -> 989 | F15: =IF(AND(MOD(B15,12)<=3, MOD(B15,12)<>0),"Winter","Summer") -> Winter | G15: =C15*Cost_Icecream+'Base Scenario'!D15*cost_choc_syrup+'Base Scenario'!E15*cost_straw_syrup -> 286810 | H15: =Rent -> 35000 | I15: =Salary -> 30000 | J15: =IF(F15="Winter",Electr_winter,Electr_Summer) -> 7000 | K15: =C15*IF(F15="Winter",SP_icecream_winter,SP_icecream)+D15*SP_choc_syrup+E15*SP_straw_syrup -> 454940 | L15: =SUM(G15:J15) -> 358810 | M15: =Tax_rate*(K15-L15) -> 24032.5 | N15: =K15-L15-M15 -> 72097.5
A16: =IF(MOD(B15,12)=0,A15+1,A15) -> 2 | B16: ='Corrected data'!B15 -> 14 | C16: ='Corrected data'!C15 -> 992 | D16: =prop_choc_syrup*C16 -> 1984 | E16: =prop_straw_syrup*C16 -> 992 | F16: =IF(AND(MOD(B16,12)<=3, MOD(B16,12)<>0),"Winter","Summer") -> Winter | G16: =C16*Cost_Icecream+'Base Scenario'!D16*cost_choc_syrup+'Base Scenario'!E16*cost_straw_syrup -> 287680 | H16: =Rent -> 35000 | I16: =Salary -> 30000 | J16: =IF(F16="Winter",Electr_winter,Electr_Summer) -> 7000 | K16: =C16*IF(F16="Winter",SP_icecream_winter,SP_icecream)+D16*SP_choc_syrup+E16*SP_straw_syrup -> 456320 | L16: =SUM(G16:J16) -> 359680 | M16: =Tax_rate*(K16-L16) -> 24160 | N16: =K16-L16-M16 -> 72480
... A122: =IF(MOD(B121,12)=0,A121+1,A121) -> 10 | B122: ='Corrected data'!B121 -> 120 | C122: ='Corrected data'!C121 -> 2000 | D122: =prop_choc_syrup*C122 -> 4000 | E122: =prop_straw_syrup*C122 -> 2000 | F122: =IF(AND(MOD(B122,12)<=3, MOD(B122,12)<>0),"Winter","Summer") -> Summer | G122: =C122*Cost_Icecream+'Base Scenario'!D122*cost_choc_syrup+'Base Scenario'!E122*cost_straw_syrup -> 580000 | H122: =Rent -> 35000 | I122: =Salary -> 30000 | J122: =IF(F122="Winter",Electr_winter,Electr_Summer) -> 10000 | K122: =C122*IF(F122="Winter",SP_icecream_winter,SP_icecream)+D122*SP_choc_syrup+E122*SP_straw_syrup -> 960000 | L122: =SUM(G122:J122) -> 655000 | M122: =Tax_rate*(K122-L122) -> 76250 | N122: =K122-L122-M122 -> 228750

Sheet Scenario 1
A2: Year | B2: Month | C2: Icecream gallons | D2: Chocolate syrup | E2: Strawberry Syrup | F2: Season | G2: Product cost | H2: Rent | I2: Salary | J2: Electricity | K2: Revenue | L2: Cost | M2: Income Tax | N2: Profit | P2: PV of Profit | Q2: =NPV(Disc_Rate_PM,N3:N122) -> 10406650
A3: 1 | B3: 1 | C3: =MIN(ROUND('Corrected data'!C2*IF(MOD(B3,12)=3,Parameters!$D$19,1),0),2000) -> 960 | D3: =prop_choc_syrup*C3 -> 1920 | E3: =prop_straw_syrup*C3 -> 960 | F3: =IF(AND(MOD(B3,12)<=2, MOD(B3,12)<>0),"Winter","Summer") -> Winter | G3: =C3*Cost_Icecream+D3*cost_choc_syrup+E3*cost_straw_syrup -> 278400 | H3: =Rent -> 35000 | I3: =Salary -> 30000 | J3: =IF(F3="Winter",Electr_winter,Electr_Summer) -> 7000 | K3: =C3*IF('Base Scenario'!F3="Winter",SP_icecream_winter,SP_icecream)+D3*SP_choc_syrup+E3*SP_straw_syrup -> 441600 | L3: =SUM(G3:J3) -> 350400 | M3: =Tax_rate*(K3-L3) -> 22800 | N3: =K3-L3-M3 -> 68400 | P3: PV of Revenue | Q3: =NPV(Disc_Rate_PM,K3:K122) -> 50023562
A4: =IF(MOD(B3,12)=0,A3+1,A3) -> 1 | B4: 2 | C4: =MIN(ROUND('Corrected data'!C3*IF(MOD(B4,12)=3,Parameters!$D$19,1),0),2000) -> 962 | D4: =prop_choc_syrup*C4 -> 1924 | E4: =prop_straw_syrup*C4 -> 962 | F4: =IF(AND(MOD(B4,12)<=2, MOD(B4,12)<>0),"Winter","Summer") -> Winter | G4: =C4*Cost_Icecream+D4*cost_choc_syrup+E4*cost_straw_syrup -> 278980 | H4: =Rent -> 35000 | I4: =Salary -> 30000 | J4: =IF(F4="Winter",Electr_winter,Electr_Summer) -> 7000 | K4: =C4*IF('Base Scenario'!F4="Winter",SP_icecream_winter,SP_icecream)+D4*SP_choc_syrup+E4*SP_straw_syrup -> 442520 | L4: =SUM(G4:J4) -> 350980 | M4: =Tax_rate*(K4-L4) -> 22885 | N4: =K4-L4-M4 -> 68655 | P4: Profit Margin | Q4: =Q2/Q3 -> 0.20803496
A5: =IF(MOD(B4,12)=0,A4+1,A4) -> 1 | B5: 3 | C5: =MIN(ROUND('Corrected data'!C4*IF(MOD(B5,12)=3,Parameters!$D$19,1),0),2000) -> 1157 | D5: =prop_choc_syrup*C5 -> 2314 | E5: =prop_straw_syrup*C5 -> 1157 | F5: =IF(AND(MOD(B5,12)<=2, MOD(B5,12)<>0),"Winter","Summer") -> Summer | G5: =C5*Cost_Icecream+D5*cost_choc_syrup+E5*cost_straw_syrup -> 335530 | H5: =Rent -> 35000 | I5: =Salary -> 30000 | J5: =IF(F5="Winter",Electr_winter,Electr_Summer) -> 10000 | K5: =C5*IF('Base Scenario'!F5="Winter",SP_icecream_winter,SP_icecream)+D5*SP_choc_syrup+E5*SP_straw_syrup -> 532220 | L5: =SUM(G5:J5) -> 410530 | M5: =Tax_rate*(K5-L5) -> 30422.5 | N5: =K5-L5-M5 -> 91267.5
A6: =IF(MOD(B5,12)=0,A5+1,A5) -> 1 | B6: 4 | C6: =MIN(ROUND('Corrected data'!C5*IF(MOD(B6,12)=3,Parameters!$D$19,1),0),2000) -> 1200 | D6: =prop_choc_syrup*C6 -> 2400 | E6: =prop_straw_syrup*C6 -> 1200 | F6: =IF(AND(MOD(B6,12)<=2, MOD(B6,12)<>0),"Winter","Summer") -> Summer | G6: =C6*Cost_Icecream+D6*cost_choc_syrup+E6*cost_straw_syrup -> 348000 | H6: =Rent -> 35000 | I6: =Salary -> 30000 | J6: =IF(F6="Winter",Electr_winter,Electr_Summer) -> 10000 | K6: =C6*IF('Base Scenario'!F6="Winter",SP_icecream_winter,SP_icecream)+D6*SP_choc_syrup+E6*SP_straw_syrup -> 576000 | L6: =SUM(G6:J6) -> 423000 | M6: =Tax_rate*(K6-L6) -> 38250 | N6: =K6-L6-M6 -> 114750
A7: =IF(MOD(B6,12)=0,A6+1,A6) -> 1 | B7: 5 | C7: =MIN(ROUND('Corrected data'!C6*IF(MOD(B7,12)=3,Parameters!$D$19,1),0),2000) -> 1203 | D7: =prop_choc_syrup*C7 -> 2406 | E7: =prop_straw_syrup*C7 -> 1203 | F7: =IF(AND(MOD(B7,12)<=2, MOD(B7,12)<>0),"Winter","Summer") -> Summer | G7: =C7*Cost_Icecream+D7*cost_choc_syrup+E7*cost_straw_syrup -> 348870 | H7: =Rent -> 35000 | I7: =Salary -> 30000 | J7: =IF(F7="Winter",Electr_winter,Electr_Summer) -> 10000 | K7: =C7*IF('Base Scenario'!F7="Winter",SP_icecream_winter,SP_icecream)+D7*SP_choc_syrup+E7*SP_straw_syrup -> 577440 | L7: =SUM(G7:J7) -> 423870 | M7: =Tax_rate*(K7-L7) -> 38392.5 | N7: =K7-L7-M7 -> 115177.5
A8: =IF(MOD(B7,12)=0,A7+1,A7) -> 1 | B8: 6 | C8: =MIN(ROUND('Corrected data'!C7*IF(MOD(B8,12)=3,Parameters!$D$19,1),0),2000) -> 1206 | D8: =prop_choc_syrup*C8 -> 2412 | E8: =prop_straw_syrup*C8 -> 1206 | F8: =IF(AND(MOD(B8,12)<=2, MOD(B8,12)<>0),"Winter","Summer") -> Summer | G8: =C8*Cost_Icecream+D8*cost_choc_syrup+E8*cost_straw_syrup -> 349740 | H8: =Rent -> 35000 | I8: =Salary -> 30000 | J8: =IF(F8="Winter",Electr_winter,Electr_Summer) -> 10000 | K8: =C8*IF('Base Scenario'!F8="Winter",SP_icecream_winter,SP_icecream)+D8*SP_choc_syrup+E8*SP_straw_syrup -> 578880 | L8: =SUM(G8:J8) -> 424740 | M8: =Tax_rate*(K8-L8) -> 38535 | N8: =K8-L8-M8 -> 115605
A9: =IF(MOD(B8,12)=0,A8+1,A8) -> 1 | B9: 7 | C9: =MIN(ROUND('Corrected data'!C8*IF(MOD(B9,12)=3,Parameters!$D$19,1),0),2000) -> 1209 | D9: =prop_choc_syrup*C9 -> 2418 | E9: =prop_straw_syrup*C9 -> 1209 | F9: =IF(AND(MOD(B9,12)<=2, MOD(B9,12)<>0),"Winter","Summer") -> Summer | G9: =C9*Cost_Icecream+D9*cost_choc_syrup+E9*cost_straw_syrup -> 350610 | H9: =Rent -> 35000 | I9: =Salary -> 30000 | J9: =IF(F9="Winter",Electr_winter,Electr_Summer) -> 10000 | K9: =C9*IF('Base Scenario'!F9="Winter",SP_icecream_winter,SP_icecream)+D9*SP_choc_syrup+E9*SP_straw_syrup -> 580320 | L9: =SUM(G9:J9) -> 425610 | M9: =Tax_rate*(K9-L9) -> 38677.5 | N9: =K9-L9-M9 -> 116032.5
A10: =IF(MOD(B9,12)=0,A9+1,A9) -> 1 | B10: 8 | C10: =MIN(ROUND('Corrected data'!C9*IF(MOD(B10,12)=3,Parameters!$D$19,1),0),2000) -> 1212 | D10: =prop_choc_syrup*C10 -> 2424 | E10: =prop_straw_syrup*C10 -> 1212 | F10: =IF(AND(MOD(B10,12)<=2, MOD(B10,12)<>0),"Winter","Summer") -> Summer | G10: =C10*Cost_Icecream+D10*cost_choc_syrup+E10*cost_straw_syrup -> 351480 | H10: =Rent -> 35000 | I10: =Salary -> 30000 | J10: =IF(F10="Winter",Electr_winter,Electr_Summer) -> 10000 | K10: =C10*IF('Base Scenario'!F10="Winter",SP_icecream_winter,SP_icecream)+D10*SP_choc_syrup+E10*SP_straw_syrup -> 581760 | L10: =SUM(G10:J10) -> 426480 | M10: =Tax_rate*(K10-L10) -> 38820 | N10: =K10-L10-M10 -> 116460
A11: =IF(MOD(B10,12)=0,A10+1,A10) -> 1 | B11: 9 | C11: =MIN(ROUND('Corrected data'!C10*IF(MOD(B11,12)=3,Parameters!$D$19,1),0),2000) -> 1215 | D11: =prop_choc_syrup*C11 -> 2430 | E11: =prop_straw_syrup*C11 -> 1215 | F11: =IF(AND(MOD(B11,12)<=2, MOD(B11,12)<>0),"Winter","Summer") -> Summer | G11: =C11*Cost_Icecream+D11*cost_choc_syrup+E11*cost_straw_syrup -> 352350 | H11: =Rent -> 35000 | I11: =Salary -> 30000 | J11: =IF(F11="Winter",Electr_winter,Electr_Summer) -> 10000 | K11: =C11*IF('Base Scenario'!F11="Winter",SP_icecream_winter,SP_icecream)+D11*SP_choc_syrup+E11*SP_straw_syrup -> 583200 | L11: =SUM(G11:J11) -> 427350 | M11: =Tax_rate*(K11-L11) -> 38962.5 | N11: =K11-L11-M11 -> 116887.5
A12: =IF(MOD(B11,12)=0,A11+1,A11) -> 1 | B12: 10 | C12: =MIN(ROUND('Corrected data'!C11*IF(MOD(B12,12)=3,Parameters!$D$19,1),0),2000) -> 1218 | D12: =prop_choc_syrup*C12 -> 2436 | E12: =prop_straw_syrup*C12 -> 1218 | F12: =IF(AND(MOD(B12,12)<=2, MOD(B12,12)<>0),"Winter","Summer") -> Summer | G12: =C12*Cost_Icecream+D12*cost_choc_syrup+E12*cost_straw_syrup -> 353220 | H12: =Rent -> 35000 | I12: =Salary -> 30000 | J12: =IF(F12="Winter",Electr_winter,Electr_Summer) -> 10000 | K12: =C12*IF('Base Scenario'!F12="Winter",SP_icecream_winter,SP_icecream)+D12*SP_choc_syrup+E12*SP_straw_syrup -> 584640 | L12: =SUM(G12:J12) -> 428220 | M12: =Tax_rate*(K12-L12) -> 39105 | N12: =K12-L12-M12 -> 117315
A13: =IF(MOD(B12,12)=0,A12+1,A12) -> 1 | B13: 11 | C13: =MIN(ROUND('Corrected data'!C12*IF(MOD(B13,12)=3,Parameters!$D$19,1),0),2000) -> 1221 | D13: =prop_choc_syrup*C13 -> 2442 | E13: =prop_straw_syrup*C13 -> 1221 | F13: =IF(AND(MOD(B13,12)<=2, MOD(B13,12)<>0),"Winter","Summer") -> Summer | G13: =C13*Cost_Icecream+D13*cost_choc_syrup+E13*cost_straw_syrup -> 354090 | H13: =Rent -> 35000 | I13: =Salary -> 30000 | J13: =IF(F13="Winter",Electr_winter,Electr_Summer) -> 10000 | K13: =C13*IF('Base Scenario'!F13="Winter",SP_icecream_winter,SP_icecream)+D13*SP_choc_syrup+E13*SP_straw_syrup -> 586080 | L13: =SUM(G13:J13) -> 429090 | M13: =Tax_rate*(K13-L13) -> 39247.5 | N13: =K13-L13-M13 -> 117742.5
A14: =IF(MOD(B13,12)=0,A13+1,A13) -> 1 | B14: 12 | C14: =MIN(ROUND('Corrected data'!C13*IF(MOD(B14,12)=3,Parameters!$D$19,1),0),2000) -> 1224 | D14: =prop_choc_syrup*C14 -> 2448 | E14: =prop_straw_syrup*C14 -> 1224 | F14: =IF(AND(MOD(B14,12)<=2, MOD(B14,12)<>0),"Winter","Summer") -> Summer | G14: =C14*Cost_Icecream+D14*cost_choc_syrup+E14*cost_straw_syrup -> 354960 | H14: =Rent -> 35000 | I14: =Salary -> 30000 | J14: =IF(F14="Winter",Electr_winter,Electr_Summer) -> 10000 | K14: =C14*IF('Base Scenario'!F14="Winter",SP_icecream_winter,SP_icecream)+D14*SP_choc_syrup+E14*SP_straw_syrup -> 587520 | L14: =SUM(G14:J14) -> 429960 | M14: =Tax_rate*(K14-L14) -> 39390 | N14: =K14-L14-M14 -> 118170
A15: =IF(MOD(B14,12)=0,A14+1,A14) -> 2 | B15: 13 | C15: =MIN(ROUND('Corrected data'!C14*IF(MOD(B15,12)=3,Parameters!$D$19,1),0),2000) -> 989 | D15: =prop_choc_syrup*C15 -> 1978 | E15: =prop_straw_syrup*C15 -> 989 | F15: =IF(AND(MOD(B15,12)<=2, MOD(B15,12)<>0),"Winter","Summer") -> Winter | G15: =C15*Cost_Icecream+D15*cost_choc_syrup+E15*cost_straw_syrup -> 286810 | H15: =Rent -> 35000 | I15: =Salary -> 30000 | J15: =IF(F15="Winter",Electr_winter,Electr_Summer) -> 7000 | K15: =C15*IF('Base Scenario'!F15="Winter",SP_icecream_winter,SP_icecream)+D15*SP_choc_syrup+E15*SP_straw_syrup -> 454940 | L15: =SUM(G15:J15) -> 358810 | M15: =Tax_rate*(K15-L15) -> 24032.5 | N15: =K15-L15-M15 -> 72097.5
A16: =IF(MOD(B15,12)=0,A15+1,A15) -> 2 | B16: 14 | C16: =MIN(ROUND('Corrected data'!C15*IF(MOD(B16,12)=3,Parameters!$D$19,1),0),2000) -> 992 | D16: =prop_choc_syrup*C16 -> 1984 | E16: =prop_straw_syrup*C16 -> 992 | F16: =IF(AND(MOD(B16,12)<=2, MOD(B16,12)<>0),"Winter","Summer") -> Winter | G16: =C16*Cost_Icecream+D16*cost_choc_syrup+E16*cost_straw_syrup -> 287680 | H16: =Rent -> 35000 | I16: =Salary -> 30000 | J16: =IF(F16="Winter",Electr_winter,Electr_Summer) -> 7000 | K16: =C16*IF('Base Scenario'!F16="Winter",SP_icecream_winter,SP_icecream)+D16*SP_choc_syrup+E16*SP_straw_syrup -> 456320 | L16: =SUM(G16:J16) -> 359680 | M16: =Tax_rate*(K16-L16) -> 24160 | N16: =K16-L16-M16 -> 72480
... A122: =IF(MOD(B121,12)=0,A121+1,A121) -> 10 | B122: 120 | C122: =MIN(ROUND('Corrected data'!C121*IF(MOD(B122,12)=3,Parameters!$D$19,1),0),2000) -> 2000 | D122: =prop_choc_syrup*C122 -> 4000 | E122: =prop_straw_syrup*C122 -> 2000 | F122: =IF(AND(MOD(B122,12)<=2, MOD(B122,12)<>0),"Winter","Summer") -> Summer | G122: =C122*Cost_Icecream+D122*cost_choc_syrup+E122*cost_straw_syrup -> 580000 | H122: =Rent -> 35000 | I122: =Salary -> 30000 | J122: =IF(F122="Winter",Electr_winter,Electr_Summer) -> 10000 | K122: =C122*IF('Base Scenario'!F122="Winter",SP_icecream_winter,SP_icecream)+D122*SP_choc_syrup+E122*SP_straw_syrup -> 960000 | L122: =SUM(G122:J122) -> 655000 | M122: =Tax_rate*(K122-L122) -> 76250 | N122: =K122-L122-M122 -> 228750

Sheet Scenario 2
R1: Monthly interest rate | U1: =(1+Interest)^(1/12)-1 -> 0.0048675506
P2: EMI calculation
A4: Year | B4: Month | C4: Icecream gallons | D4: Chocolate syrup | E4: Strawberry Syrup | F4: Season | G4: Product cost | H4: Interest | I4: Salary | J4: Electricity | K4: Revenue | L4: Cost | M4: Income Tax | N4: Profit | P4: Month | Q4: Loan O/s BOM | R4: Interest | S4: EMI | T4: Loan O/S EOM | W4: PV of Profit | X4: =NPV(Disc_Rate_PM,N5:N124) -> 11653630
A5: 1 | B5: 1 | C5: =MIN(ROUND('Corrected data'!C2*IF(MOD(B5,12)=3,Parameters!$D$19,1),0),2000) -> 960 | D5: =prop_choc_syrup*C5 -> 1920 | E5: =prop_straw_syrup*C5 -> 960 | F5: =IF(AND(MOD(B5,12)<=2, MOD(B5,12)<>0),"Winter","Summer") -> Winter | G5: =C5*Cost_Icecream+D5*cost_choc_syrup+E5*cost_straw_syrup -> 278400 | H5: =R5 -> 24337.753 | I5: =Salary -> 30000 | J5: =IF(F5="Winter",Electr_winter,Electr_Summer) -> 7000 | K5: =C5*IF(F5="Winter",SP_icecream_winter,SP_icecream)+D5*SP_choc_syrup+E5*SP_straw_syrup -> 441600 | L5: =SUM(G5:J5) -> 339737.75 | M5: =Tax_rate*(K5-L5) -> 25465.562 | N5: =K5-L5-M5 -> 76396.685 | P5: 1 | Q5: =Loan -> 5000000 | R5: =Q5*$U$1 -> 24337.753 | S5: 55112.013 | T5: =Q5+R5-S5 -> 4969225.7 | W5: PV of Revenue | X5: =NPV(Disc_Rate_PM,K5:K124) -> 50202865
A6: =IF(MOD(B5,12)=0,A5+1,A5) -> 1 | B6: 2 | C6: =MIN(ROUND('Corrected data'!C3*IF(MOD(B6,12)=3,Parameters!$D$19,1),0),2000) -> 962 | D6: =Parameters!$D$8*C6 -> 1924 | E6: =Parameters!$D$9*C6 -> 962 | F6: =IF(AND(MOD(B6,12)<=2, MOD(B6,12)<>0),"Winter","Summer") -> Winter | G6: =C6*Cost_Icecream+D6*cost_choc_syrup+E6*cost_straw_syrup -> 278980 | H6: =R6 -> 24187.958 | I6: =Salary -> 30000 | J6: =IF(F6="Winter",Electr_winter,Electr_Summer) -> 7000 | K6: =C6*IF(F6="Winter",SP_icecream_winter,SP_icecream)+D6*SP_choc_syrup+E6*SP_straw_syrup -> 442520 | L6: =SUM(G6:J6) -> 340167.96 | M6: =Tax_rate*(K6-L6) -> 25588.011 | N6: =K6-L6-M6 -> 76764.032 | P6: 2 | Q6: =T5 -> 4969225.7 | R6: =Q6*$U$1 -> 24187.958 | S6: =S5 -> 55112.013 | T6: =Q6+R6-S6 -> 4938301.7 | W6: Profit Margin | X6: =X4/X5 -> 0.23213078
A7: =IF(MOD(B6,12)=0,A6+1,A6) -> 1 | B7: 3 | C7: =MIN(ROUND('Corrected data'!C4*IF(MOD(B7,12)=3,Parameters!$D$19,1),0),2000) -> 1157 | D7: =Parameters!$D$8*C7 -> 2314 | E7: =Parameters!$D$9*C7 -> 1157 | F7: =IF(AND(MOD(B7,12)<=2, MOD(B7,12)<>0),"Winter","Summer") -> Summer | G7: =C7*Cost_Icecream+D7*cost_choc_syrup+E7*cost_straw_syrup -> 335530 | H7: =R7 -> 24037.433 | I7: =Salary -> 30000 | J7: =IF(F7="Winter",Electr_winter,Electr_Summer) -> 10000 | K7: =C7*IF(F7="Winter",SP_icecream_winter,SP_icecream)+D7*SP_choc_syrup+E7*SP_straw_syrup -> 555360 | L7: =SUM(G7:J7) -> 399567.43 | M7: =Tax_rate*(K7-L7) -> 38948.142 | N7: =K7-L7-M7 -> 116844.43 | P7: 3 | Q7: =T6 -> 4938301.7 | R7: =Q7*$U$1 -> 24037.433 | S7: =S6 -> 55112.013 | T7: =Q7+R7-S7 -> 4907227.1
A8: =IF(MOD(B7,12)=0,A7+1,A7) -> 1 | B8: 4 | C8: =MIN(ROUND('Corrected data'!C5*IF(MOD(B8,12)=3,Parameters!$D$19,1),0),2000) -> 1200 | D8: =Parameters!$D$8*C8 -> 2400 | E8: =Parameters!$D$9*C8 -> 1200 | F8: =IF(AND(MOD(B8,12)<=2, MOD(B8,12)<>0),"Winter","Summer") -> Summer | G8: =C8*Cost_Icecream+D8*cost_choc_syrup+E8*cost_straw_syrup -> 348000 | H8: =R8 -> 23886.176 | I8: =Salary -> 30000 | J8: =IF(F8="Winter",Electr_winter,Electr_Summer) -> 10000 | K8: =C8*IF(F8="Winter",SP_icecream_winter,SP_icecream)+D8*SP_choc_syrup+E8*SP_straw_syrup -> 576000 | L8: =SUM(G8:J8) -> 411886.18 | M8: =Tax_rate*(K8-L8) -> 41028.456 | N8: =K8-L8-M8 -> 123085.37 | P8: 4 | Q8: =T7 -> 4907227.1 | R8: =Q8*$U$1 -> 23886.176 | S8: =S7 -> 55112.013 | T8: =Q8+R8-S8 -> 4876001.3
A9: =IF(MOD(B8,12)=0,A8+1,A8) -> 1 | B9: 5 | C9: =MIN(ROUND('Corrected data'!C6*IF(MOD(B9,12)=3,Parameters!$D$19,1),0),2000) -> 1203 | D9: =Parameters!$D$8*C9 -> 2406 | E9: =Parameters!$D$9*C9 -> 1203 | F9: =IF(AND(MOD(B9,12)<=2, MOD(B9,12)<>0),"Winter","Summer") -> Summer | G9: =C9*Cost_Icecream+D9*cost_choc_syrup+E9*cost_straw_syrup -> 348870 | H9: =R9 -> 23734.183 | I9: =Salary -> 30000 | J9: =IF(F9="Winter",Electr_winter,Electr_Summer) -> 10000 | K9: =C9*IF(F9="Winter",SP_icecream_winter,SP_icecream)+D9*SP_choc_syrup+E9*SP_straw_syrup -> 577440 | L9: =SUM(G9:J9) -> 412604.18 | M9: =Tax_rate*(K9-L9) -> 41208.954 | N9: =K9-L9-M9 -> 123626.86 | P9: 5 | Q9: =T8 -> 4876001.3 | R9: =Q9*$U$1 -> 23734.183 | S9: =S8 -> 55112.013 | T9: =Q9+R9-S9 -> 4844623.4
A10: =IF(MOD(B9,12)=0,A9+1,A9) -> 1 | B10: 6 | C10: =MIN(ROUND('Corrected data'!C7*IF(MOD(B10,12)=3,Parameters!$D$19,1),0),2000) -> 1206 | D10: =Parameters!$D$8*C10 -> 2412 | E10: =Parameters!$D$9*C10 -> 1206 | F10: =IF(AND(MOD(B10,12)<=2, MOD(B10,12)<>0),"Winter","Summer") -> Summer | G10: =C10*Cost_Icecream+D10*cost_choc_syrup+E10*cost_straw_syrup -> 349740 | H10: =R10 -> 23581.45 | I10: =Salary -> 30000 | J10: =IF(F10="Winter",Electr_winter,Electr_Summer) -> 10000 | K10: =C10*IF(F10="Winter",SP_icecream_winter,SP_icecream)+D10*SP_choc_syrup+E10*SP_straw_syrup -> 578880 | L10: =SUM(G10:J10) -> 413321.45 | M10: =Tax_rate*(K10-L10) -> 41389.638 | N10: =K10-L10-M10 -> 124168.91 | P10: 6 | Q10: =T9 -> 4844623.4 | R10: =Q10*$U$1 -> 23581.45 | S10: =S9 -> 55112.013 | T10: =Q10+R10-S10 -> 4813092.9
A11: =IF(MOD(B10,12)=0,A10+1,A10) -> 1 | B11: 7 | C11: =MIN(ROUND('Corrected data'!C8*IF(MOD(B11,12)=3,Parameters!$D$19,1),0),2000) -> 1209 | D11: =Parameters!$D$8*C11 -> 2418 | E11: =Parameters!$D$9*C11 -> 1209 | F11: =IF(AND(MOD(B11,12)<=2, MOD(B11,12)<>0),"Winter","Summer") -> Summer | G11: =C11*Cost_Icecream+D11*cost_choc_syrup+E11*cost_straw_syrup -> 350610 | H11: =R11 -> 23427.973 | I11: =Salary -> 30000 | J11: =IF(F11="Winter",Electr_winter,Electr_Summer) -> 10000 | K11: =C11*IF(F11="Winter",SP_icecream_winter,SP_icecream)+D11*SP_choc_syrup+E11*SP_straw_syrup -> 580320 | L11: =SUM(G11:J11) -> 414037.97 | M11: =Tax_rate*(K11-L11) -> 41570.507 | N11: =K11-L11-M11 -> 124711.52 | P11: 7 | Q11: =T10 -> 4813092.9 | R11: =Q11*$U$1 -> 23427.973 | S11: =S10 -> 55112.013 | T11: =Q11+R11-S11 -> 4781408.8
A12: =IF(MOD(B11,12)=0,A11+1,A11) -> 1 | B12: 8 | C12: =MIN(ROUND('Corrected data'!C9*IF(MOD(B12,12)=3,Parameters!$D$19,1),0),2000) -> 1212 | D12: =Parameters!$D$8*C12 -> 2424 | E12: =Parameters!$D$9*C12 -> 1212 | F12: =IF(AND(MOD(B12,12)<=2, MOD(B12,12)<>0),"Winter","Summer") -> Summer | G12: =C12*Cost_Icecream+D12*cost_choc_syrup+E12*cost_straw_syrup -> 351480 | H12: =R12 -> 23273.749 | I12: =Salary -> 30000 | J12: =IF(F12="Winter",Electr_winter,Electr_Summer) -> 10000 | K12: =C12*IF(F12="Winter",SP_icecream_winter,SP_icecream)+D12*SP_choc_syrup+E12*SP_straw_syrup -> 581760 | L12: =SUM(G12:J12) -> 414753.75 | M12: =Tax_rate*(K12-L12) -> 41751.563 | N12: =K12-L12-M12 -> 125254.69 | P12: 8 | Q12: =T11 -> 4781408.8 | R12: =Q12*$U$1 -> 23273.749 | S12: =S11 -> 55112.013 | T12: =Q12+R12-S12 -> 4749570.6
A13: =IF(MOD(B12,12)=0,A12+1,A12) -> 1 | B13: 9 | C13: =MIN(ROUND('Corrected data'!C10*IF(MOD(B13,12)=3,Parameters!$D$19,1),0),2000) -> 1215 | D13: =Parameters!$D$8*C13 -> 2430 | E13: =Parameters!$D$9*C13 -> 1215 | F13: =IF(AND(MOD(B13,12)<=2, MOD(B13,12)<>0),"Winter","Summer") -> Summer | G13: =C13*Cost_Icecream+D13*cost_choc_syrup+E13*cost_straw_syrup -> 352350 | H13: =R13 -> 23118.775 | I13: =Salary -> 30000 | J13: =IF(F13="Winter",Electr_winter,Electr_Summer) -> 10000 | K13: =C13*IF(F13="Winter",SP_icecream_winter,SP_icecream)+D13*SP_choc_syrup+E13*SP_straw_syrup -> 583200 | L13: =SUM(G13:J13) -> 415468.77 | M13: =Tax_rate*(K13-L13) -> 41932.806 | N13: =K13-L13-M13 -> 125798.42 | P13: 9 | Q13: =T12 -> 4749570.6 | R13: =Q13*$U$1 -> 23118.775 | S13: =S12 -> 55112.013 | T13: =Q13+R13-S13 -> 4717577.3
A14: =IF(MOD(B13,12)=0,A13+1,A13) -> 1 | B14: 10 | C14: =MIN(ROUND('Corrected data'!C11*IF(MOD(B14,12)=3,Parameters!$D$19,1),0),2000) -> 1218 | D14: =Parameters!$D$8*C14 -> 2436 | E14: =Parameters!$D$9*C14 -> 1218 | F14: =IF(AND(MOD(B14,12)<=2, MOD(B14,12)<>0),"Winter","Summer") -> Summer | G14: =C14*Cost_Icecream+D14*cost_choc_syrup+E14*cost_straw_syrup -> 353220 | H14: =R14 -> 22963.046 | I14: =Salary -> 30000 | J14: =IF(F14="Winter",Electr_winter,Electr_Summer) -> 10000 | K14: =C14*IF(F14="Winter",SP_icecream_winter,SP_icecream)+D14*SP_choc_syrup+E14*SP_straw_syrup -> 584640 | L14: =SUM(G14:J14) -> 416183.05 | M14: =Tax_rate*(K14-L14) -> 42114.238 | N14: =K14-L14-M14 -> 126342.72 | P14: 10 | Q14: =T13 -> 4717577.3 | R14: =Q14*$U$1 -> 22963.046 | S14: =S13 -> 55112.013 | T14: =Q14+R14-S14 -> 4685428.4
A15: =IF(MOD(B14,12)=0,A14+1,A14) -> 1 | B15: 11 | C15: =MIN(ROUND('Corrected data'!C12*IF(MOD(B15,12)=3,Parameters!$D$19,1),0),2000) -> 1221 | D15: =Parameters!$D$8*C15 -> 2442 | E15: =Parameters!$D$9*C15 -> 1221 | F15: =IF(AND(MOD(B15,12)<=2, MOD(B15,12)<>0),"Winter","Summer") -> Summer | G15: =C15*Cost_Icecream+D15*cost_choc_syrup+E15*cost_straw_syrup -> 354090 | H15: =R15 -> 22806.559 | I15: =Salary -> 30000 | J15: =IF(F15="Winter",Electr_winter,Electr_Summer) -> 10000 | K15: =C15*IF(F15="Winter",SP_icecream_winter,SP_icecream)+D15*SP_choc_syrup+E15*SP_straw_syrup -> 586080 | L15: =SUM(G15:J15) -> 416896.56 | M15: =Tax_rate*(K15-L15) -> 42295.86 | N15: =K15-L15-M15 -> 126887.58 | P15: 11 | Q15: =T14 -> 4685428.4 | R15: =Q15*$U$1 -> 22806.559 | S15: =S14 -> 55112.013 | T15: =Q15+R15-S15 -> 4653122.9
A16: =IF(MOD(B15,12)=0,A15+1,A15) -> 1 | B16: 12 | C16: =MIN(ROUND('Corrected data'!C13*IF(MOD(B16,12)=3,Parameters!$D$19,1),0),2000) -> 1224 | D16: =Parameters!$D$8*C16 -> 2448 | E16: =Parameters!$D$9*C16 -> 1224 | F16: =IF(AND(MOD(B16,12)<=2, MOD(B16,12)<>0),"Winter","Summer") -> Summer | G16: =C16*Cost_Icecream+D16*cost_choc_syrup+E16*cost_straw_syrup -> 354960 | H16: =R16 -> 22649.311 | I16: =Salary -> 30000 | J16: =IF(F16="Winter",Electr_winter,Electr_Summer) -> 10000 | K16: =C16*IF(F16="Winter",SP_icecream_winter,SP_icecream)+D16*SP_choc_syrup+E16*SP_straw_syrup -> 587520 | L16: =SUM(G16:J16) -> 417609.31 | M16: =Tax_rate*(K16-L16) -> 42477.672 | N16: =K16-L16-M16 -> 127433.02 | P16: 12 | Q16: =T15 -> 4653122.9 | R16: =Q16*$U$1 -> 22649.311 | S16: =S15 -> 55112.013 | T16: =Q16+R16-S16 -> 4620660.2
A17: =IF(MOD(B16,12)=0,A16+1,A16) -> 2 | B17: 13 | C17: =MIN(ROUND('Corrected data'!C14*IF(MOD(B17,12)=3,Parameters!$D$19,1),0),2000) -> 989 | D17: =Parameters!$D$8*C17 -> 1978 | E17: =Parameters!$D$9*C17 -> 989 | F17: =IF(AND(MOD(B17,12)<=2, MOD(B17,12)<>0),"Winter","Summer") -> Winter | G17: =C17*Cost_Icecream+D17*cost_choc_syrup+E17*cost_straw_syrup -> 286810 | H17: =R17 -> 22491.297 | I17: =Salary -> 30000 | J17: =IF(F17="Winter",Electr_winter,Electr_Summer) -> 7000 | K17: =C17*IF(F17="Winter",SP_icecream_winter,SP_icecream)+D17*SP_choc_syrup+E17*SP_straw_syrup -> 454940 | L17: =SUM(G17:J17) -> 346301.3 | M17: =Tax_rate*(K17-L17) -> 27159.676 | N17: =K17-L17-M17 -> 81479.027 | P17: 13 | Q17: =T16 -> 4620660.2 | R17: =Q17*$U$1 -> 22491.297 | S17: =S16 -> 55112.013 | T17: =Q17+R17-S17 -> 4588039.5
A18: =IF(MOD(B17,12)=0,A17+1,A17) -> 2 | B18: 14 | C18: =MIN(ROUND('Corrected data'!C15*IF(MOD(B18,12)=3,Parameters!$D$19,1),0),2000) -> 992 | D18: =Parameters!$D$8*C18 -> 1984 | E18: =Parameters!$D$9*C18 -> 992 | F18: =IF(AND(MOD(B18,12)<=2, MOD(B18,12)<>0),"Winter","Summer") -> Winter | G18: =C18*Cost_Icecream+D18*cost_choc_syrup+E18*cost_straw_syrup -> 287680 | H18: =R18 -> 22332.514 | I18: =Salary -> 30000 | J18: =IF(F18="Winter",Electr_winter,Electr_Summer) -> 7000 | K18: =C18*IF(F18="Winter",SP_icecream_winter,SP_icecream)+D18*SP_choc_syrup+E18*SP_straw_syrup -> 456320 | L18: =SUM(G18:J18) -> 347012.51 | M18: =Tax_rate*(K18-L18) -> 27326.871 | N18: =K18-L18-M18 -> 81980.614 | P18: 14 | Q18: =T17 -> 4588039.5 | R18: =Q18*$U$1 -> 22332.514 | S18: =S17 -> 55112.013 | T18: =Q18+R18-S18 -> 4555260
... A124: =IF(MOD(B123,12)=0,A123+1,A123) -> 10 | B124: 120 | C124: =MIN(ROUND('Corrected data'!C121*IF(MOD(B124,12)=3,Parameters!$D$19,1),0),2000) -> 2000 | D124: =Parameters!$D$8*C124 -> 4000 | E124: =Parameters!$D$9*C124 -> 2000 | F124: =IF(AND(MOD(B124,12)<=2, MOD(B124,12)<>0),"Winter","Summer") -> Summer | G124: =C124*Cost_Icecream+D124*cost_choc_syrup+E124*cost_straw_syrup -> 580000 | H124: =R124 -> 266.96106 | I124: =Salary -> 30000 | J124: =IF(F124="Winter",Electr_winter,Electr_Summer) -> 10000 | K124: =C124*IF(F124="Winter",SP_icecream_winter,SP_icecream)+D124*SP_choc_syrup+E124*SP_straw_syrup -> 960000 | L124: =SUM(G124:J124) -> 620266.96 | M124: =Tax_rate*(K124-L124) -> 84933.26 | N124: =K124-L124-M124 -> 254799.78 | P124: 120 | Q124: =T123 -> 54845.052 | R124: =Q124*$U$1 -> 266.96106 | S124: =S123 -> 55112.013 | T124: =Q124+R124-S124 -> 3.9945007e-09

Sheet Graph
A1: Annual Profit
A2: Year | B2: Base | C2: Scenario 1 | D2: Scenario 2
A3: 1 | B3: =SUMIF('Base Scenario'!A3:A122,Graph!$A3,'Base Scenario'!N3:N122) -> 1254105 | C3: =SUMIF('Scenario 1'!A3:A122,Graph!$A3,'Scenario 1'!N3:N122) -> 1276462.5 | D3: =SUMIF('Scenario 2'!A5:A124,Graph!$A3,'Scenario 2'!N5:N124) -> 1397314.2
A4: 2 | B4: =SUMIF('Base Scenario'!A4:A123,Graph!$A4,'Base Scenario'!N4:N123) -> 1320727.5 | C4: =SUMIF('Scenario 1'!A4:A123,Graph!$A4,'Scenario 1'!N4:N123) -> 1343850 | D4: =SUMIF('Scenario 2'!A6:A125,Graph!$A4,'Scenario 2'!N6:N125) -> 1482327
A5: 3 | B5: =SUMIF('Base Scenario'!A5:A124,Graph!$A5,'Base Scenario'!N5:N124) -> 1399777.5 | C5: =SUMIF('Scenario 1'!A5:A124,Graph!$A5,'Scenario 1'!N5:N124) -> 1424302.5 | D5: =SUMIF('Scenario 2'!A7:A126,Graph!$A5,'Scenario 2'!N7:N126) -> 1581864
A6: 4 | B6: =SUMIF('Base Scenario'!A6:A125,Graph!$A6,'Base Scenario'!N6:N125) -> 1477912.5 | C6: =SUMIF('Scenario 1'!A6:A125,Graph!$A6,'Scenario 1'!N6:N125) -> 1503075 | D6: =SUMIF('Scenario 2'!A8:A127,Graph!$A6,'Scenario 2'!N8:N127) -> 1680266.7
A7: 5 | B7: =SUMIF('Base Scenario'!A7:A126,Graph!$A7,'Base Scenario'!N7:N126) -> 1585012.5 | C7: =SUMIF('Scenario 1'!A7:A126,Graph!$A7,'Scenario 1'!N7:N126) -> 1611577.5 | D7: =SUMIF('Scenario 2'!A9:A128,Graph!$A7,'Scenario 2'!N9:N128) -> 1810060.2
A8: 6 | B8: =SUMIF('Base Scenario'!A8:A127,Graph!$A8,'Base Scenario'!N8:N127) -> 1712610 | C8: =SUMIF('Scenario 1'!A8:A127,Graph!$A8,'Scenario 1'!N8:N127) -> 1740705 | D8: =SUMIF('Scenario 2'!A10:A129,Graph!$A8,'Scenario 2'!N10:N129) -> 1961863.5
A9: 7 | B9: =SUMIF('Base Scenario'!A9:A128,Graph!$A9,'Base Scenario'!N9:N128) -> 1860465 | C9: =SUMIF('Scenario 1'!A9:A128,Graph!$A9,'Scenario 1'!N9:N128) -> 1890472.5 | D9: =SUMIF('Scenario 2'!A11:A130,Graph!$A9,'Scenario 2'!N11:N130) -> 2135779.9
A10: 8 | B10: =SUMIF('Base Scenario'!A10:A129,Graph!$A10,'Base Scenario'!N10:N129) -> 2030962.5 | C10: =SUMIF('Scenario 1'!A10:A129,Graph!$A10,'Scenario 1'!N10:N129) -> 2063137.5 | D10: =SUMIF('Scenario 2'!A12:A131,Graph!$A10,'Scenario 2'!N12:N131) -> 2334189.5
A11: 9 | B11: =SUMIF('Base Scenario'!A11:A130,Graph!$A11,'Base Scenario'!N11:N130) -> 2231085 | C11: =SUMIF('Scenario 1'!A11:A130,Graph!$A11,'Scenario 1'!N11:N130) -> 2265682.5 | D11: =SUMIF('Scenario 2'!A13:A132,Graph!$A11,'Scenario 2'!N13:N132) -> 2564156.9
A12: 10 | B12: =SUMIF('Base Scenario'!A12:A131,Graph!$A12,'Base Scenario'!N12:N131) -> 2453857.5 | C12: =SUMIF('Scenario 1'!A12:A131,Graph!$A12,'Scenario 1'!N12:N131) -> 2491387.5 | D12: =SUMIF('Scenario 2'!A14:A133,Graph!$A12,'Scenario 2'!N14:N133) -> 2819139.3
A14: NPV | B14: =NPV(Disc_Rate,B3:B12) -> 10038043 | C14: =NPV(Disc_Rate,C3:C12) -> 10204994 | D14: =NPV(Disc_Rate,D3:D12) -> 11422060
A16: Discount rate | C16: 0.1
